 Dungeon Crawl Stone Soup version 0.25-a0-697-g890751e744 (webtiles) character file.

Game seed: 6007235649588819321, levelgen mode: deterministic

77437 Noire the Black Belt (level 15, -1/85 HPs)
             Began as a Vine Stalker Wanderer on Apr 1, 2020.
             Was the Champion of Makhleb.
             Slain by Jorgrun
             ... wielding a +0 vorpal quarterstaff
              (10 damage)
             ... on level 13 of the Dungeon.
             The game lasted 01:19:55 (22542 turns).

Noire the Black Belt (Vine Stalker Wanderer)       Turns: 22542, Time: 01:19:55

Health: -1/85      AC: 15    Str: 16    XL:     15   Next: 56%
Magic:  0/23       EV: 20    Int: 15    God:    Makhleb [******]
Gold:   1474       SH:  8    Dex: 16    Spells: 14/14 levels left

rFire    . . .     SeeInvis .     - Unarmed
rCold    . . .     Gourm    .   B - +2 buckler {AC+3}
rNeg     . . .     Faith    .   K - +3 swamp dragon scales
rPois    +         Spirit   +   Z - +0 helmet
rElec    .         Reflect  .   N - +0 cloak
rCorr    .         Harm     .   (no gloves)
MR       +....                  (no boots)
Stlth    ++........             (no amulet)
HPRegen  1.04/turn              F - +5 ring of evasion
MPRegen  0.18/turn              u - +5 ring of evasion

@: grasped by roots, constricted
A: fangs 3, regeneration 2, magic shield, antimagic bite, no potion heal 3, rot
immunity
a: Minor Destruction, Lesser Servant of Makhleb, Major Destruction, Greater
Servant of Makhleb, Renounce Religion


You were on level 13 of the Dungeon.
You worshipped Makhleb.
Makhleb was exalted by your worship.
You were not hungry.

You visited 3 branches of the dungeon, and saw 20 of its levels.

You collected 1474 gold pieces.

Inventory:

Hand Weapons
 a - a +1 dagger of venom
 h - a +2 vampiric whip
 V - a +4 scimitar of flaming
Missiles
 i - 4 curare-tipped darts
 k - 758 stones (quivered)
 Q - 2 throwing nets
Armour
 q - a scarf of resistance
 B - a +2 buckler of protection (worn)
 K - +3 swamp dragon scales (worn)
 N - a +0 cloak (worn)
 Z - a +0 helmet (worn)
Jewellery
 e - an uncursed ring of protection from magic
 j - an uncursed ring of fire
 m - an uncursed ring of poison resistance
 u - a +5 ring of evasion (right hand)
 A - an uncursed ring of ice
 F - a +5 ring of evasion (left hand)
Wands
 v - a wand of paralysis (9)
 C - a wand of acid (20)
 H - a wand of scattershot (2)
 J - a wand of flame (19)
 O - a wand of disintegration (22)
 R - a wand of digging (16)
 S - a wand of polymorph (7)
 T - a wand of random effects (7)
Scrolls
 g - 2 scrolls of amnesia
 l - 8 scrolls of teleportation
 n - 4 scrolls of remove curse
 o - 2 scrolls of blinking
 p - 3 scrolls of immolation
 r - 5 scrolls of enchant weapon
 w - 2 scrolls of fear
 x - 3 scrolls of noise
 y - 2 scrolls of magic mapping
 I - a scroll of fog
 L - 3 scrolls of enchant armour
 X - 2 scrolls of identify
Potions
 b - 3 potions of berserk rage
 c - 2 potions of lignification
 d - 2 potions of mutation
 s - 7 potions of flight
 t - 6 potions of stabbing
 z - 4 potions of invisibility
 E - 4 potions of brilliance
 G - 2 potions of haste
 M - 2 potions of might
 P - 2 potions of curing
 U - a potion of magic
 W - a potion of cancellation
 Y - a potion of ambrosia
Miscellaneous
 D - a box of beasts
Comestibles
 f - 37 rations


   Skills:
 + Level 12.5 Fighting
 - Level 1.0 Short Blades
   Level 1.0 Bows
 - Level 1.0 Armour
 - Level 4.1 Dodging
 - Level 4.0 Stealth
 + Level 9.1 Shields
 - Level 15.0 Unarmed Combat
 - Level 10.0 Invocations
 - Level 10.0 Evocations


You had 14 spell levels left.
You didn't know any spells.
Your spell library contained the following spells:

 Spells                   Type           Power        Failure   Level  Hunger
 Animate Skeleton         Necr           N/A          45%         1    ##.....
 Apportation              Tloc           #.....       45%         1    ##.....
 Corona                   Hex            #......      45%         1    ##.....
 Freeze                   Ice            #...         45%         1    ##.....
 Summon Small Mammal      Summ           #...         45%         1    ##.....
 Poisonous Vapours        Pois/Air       #.....       61%         2    ###....
 Confusing Touch          Hex            #.......     83%         3    ####...
 Frozen Ramparts          Ice            #.....       83%         3    ####...
 Gell's Gravitas          Tloc           #.........   83%         3    ####...
 Ozocubu's Armour         Chrm/Ice       #.......     83%         3    ####...
 Static Discharge         Conj/Air       #.......     83%         3    ####...
 Hailstorm                Conj/Ice       #.......     99%         4    #####..
 Petrify                  Tmut/Erth      #.......     99%         4    #####..
 Summon Ice Beast         Ice/Summ       #.......     99%         4    #####..
 Metabolic Englaciation   Hex/Ice        #.........   100%        5    ######.
 Summon Demon             Summ           #.........   100%        5    ######.
 Yara's Violent Unravell  Hex/Tmut       #.........   100%        5    ######.
 Tornado                  Air            #.........   100%        9    #######


Dungeon Overview and Level Annotations

Branches:
Dungeon (13/15)            Temple (1/1) D:7            Lair (6/6) D:10
  Swamp (0/4) Lair:2       Spider (0/4) Lair:3        Slime (0/5) Lair:6
    Orc (0/2) D:12         Vaults (0/5) D:13

Altars:
Ashenzari
Cheibriados
Dithmenos
Elyvilon
Fedhas
Gozag
Hepliaklqana
Kikubaaqudgha
Makhleb
Nemelex Xobeh
Okawaru
Qazlal
Ru
Sif Muna
Trog
Uskayaw
Vehumet
Wu Jian
Xom
Yredelemnul
Zin
The Shining One

Portals:
Trove: D:10 (give +2 gold dragon scales)
Gauntlet: D:13

Annotations:
D:8 1 runed translucent door, Anaz's ghost, novice DgAE
D:9 exclusion: statue
D:10 3 runed translucent doors + trove gold dragon +2, Owkoczula's ghost, journeyman FoFi
D:13 Jorgrun; Urug
Lair:2 1 runed translucent door, exclusion: 2 oklob plants, DasRunzen's ghost, journeyman FoFi
Lair:5 1 runed translucent door, Shavain's ghost, journeyman TrFi


Innate Abilities, Weirdness & Mutations

You have razor-sharp teeth.
You heal very quickly.
When hurt, damage is shared between your health and your magic reserves.
Your bite disrupts and absorbs the magic of your enemies.
Potions cannot restore your health.
You are immune to rotting.


Message History

Jorgrun is lightly wounded.
Jorgrun hits you but does no damage. The grasping roots constrict you.
The human hits you but does no damage. x2
Unknown command.
You miss Jorgrun. Your bite misses Jorgrun.
Jorgrun is lightly wounded.
You block the human's attack. Jorgrun completely misses you.
* * * LOW HITPOINT WARNING * * *
The grasping roots constrict you!
Unknown command.
You barely miss Jorgrun.
Jorgrun is lightly wounded.
The human hits you but does no damage.
Unknown command.
You pummel Jorgrun!! Your bite misses Jorgrun.
Jorgrun is heavily wounded.
You block the human's attack.
Jorgrun hits you with a +0 vorpal quarterstaff!
* * * LOW HITPOINT WARNING * * *
You die...

,,,,**,***###..............,.#
***^**,,,,,..#∩....p.....#***#
**,,,,,****#.#.#.........#
**,,**,#####.#.##........#
**,,**,%......D......#...#
**,,**,,###..........(...#
,,,,,,,,* #....###.###...#
,***,*,** ##.#.##g####...# ,*
*,,,* #.#.p@......)#########
,***,***
#,##p#####....(....))) ,,,,,*
*,#.# #..........##
**,*********...* #...########
*,,,,,,,,,...,* ##.##
*********##..,* #.#
***********#$,*******#.#
,,,,,,,,,,,..,,,,,,,,..*
*********************##*


You could see Jorgrun and 2 humans.

Vanquished Creatures
  Rupert (D:13)
  Fannar (D:10)
  14 hydras
  Harold (D:8)
  A rakshasa (D:12)
  Erica (D:8)
  A catoblepas (D:9)
  5 centaur warriors
  7 death yaks
  2 two-headed ogres
  Sonja (D:10)
  2 unseen horrors
  3 ugly things
  An oklob plant (Lair:3)
  2 deep elf magi
  2 wolf spiders (Lair:6)
  A cyclops (D:12)
  2 manticores (D:12)
  A guardian serpent (Lair:6)
  Maurice (D:8)
  Joseph (D:10)
  13 black mambas
  A gargoyle (D:13)
  An efreet (D:12)
  14 spiny frogs
  Maggie (D:8)
  6 rime drakes
  8 komodo dragons
  A freezing wraith (D:11)
  3 jumping spiders
  5 hornets
  3 trolls
  6 dream sheep (Lair:6)
  A meliai zombie (D:9)
  4 blink frogs
  9 hippogriffs
  5 redbacks
  Sigmund (D:6)
  A shadow (D:11)
  9 wyverns
  72 yaks
  12 humans (D:13)
  A steam dragon (Lair:4)
  A basilisk (Lair:1)
  4 insubstantial wisps (Lair:2)
  A soldier ant (D:9)
  26 water moccasins
  Duvessa (D:7)
  6 porcupines
  A black bear (D:7)
  4 ice beasts
  10 orc warriors
  2 sky beasts (D:12)
  A hornet zombie (D:9)
  A necrophage (D:10)
  A phantom (D:6)
  3 ogres
  An eye of draining (D:13)
  9 centaurs
  14 wolves
  2 big kobolds
  15 crocodiles
  15 bullfrogs
  A wyvern zombie (D:6)
  Dowan (D:7)
  A scorpion (D:5)
  15 wights
  6 howler monkeys
  An electric eel (D:9)
  A crimson imp (D:5)
  5 jellies
  4 quasits
  2 bullfrog zombies (D:5)
  A bullfrog skeleton (D:9)
  4 hounds
  3 centaur skeletons
  7 orc priests
  4 iguanas
  18 orc wizards
  Natasha (thrice) (D:4)
  7 worker ants
  A hound zombie (D:6)
  A hound skeleton (D:4)
  6 gnolls
  19 adders
  7 shadow imps
  An ooze (D:3)
  An adder zombie (D:9)
  3 worms
  3 leopard geckos
  68 orcs
  2 ball pythons
  8 bats
  6 giant cockroaches
  16 goblins
  20 hobgoblins
  6 jackals
  22 kobolds
  2 quokkas
  9 frilled lizards
  A leopard gecko zombie (D:7)
  9 rats
  2 plants
643 creatures vanquished.

Vanquished Creatures (others)
  An ogre (D:5)
  10 fungi
  7 plants
18 creatures vanquished.

Grand Total: 661 creatures vanquished

Notes
Turn   | Place    | Note
-------+----------+-------------------------------------------
     0 | D:1      | Noire the Vine Stalker Wanderer began the quest for the
                  | Orb.
     0 | D:1      | Noire set off with the following items: a +2 dagger, a
                  | potion of berserk rage, a potion of lignification, a +0
                  | ring mail, a ration
     0 | D:1      | Reached XP level 1. HP: 12/12 MP: 2/2
   231 | D:1      | Reached XP level 2. HP: 11/17 MP: 1/3
   780 | D:1      | Reached XP level 3. HP: 21/21 MP: 4/4
  1989 | D:2      | Gained mutation: Your natural rate of healing is unusually
                  | fast. [Vine Stalker growth]
  1989 | D:2      | Reached XP level 4. HP: 26/26 MP: 5/5
  2756 | D:2      | Reached XP level 5. HP: 20/30 MP: 4/6
  2856 | D:2      | Reached skill level 5 in Fighting
  3046 | D:3      | Found a white marble altar of Elyvilon,
  3446 | D:3      | Found a shimmering blue altar of Sif Muna,
  3553 | D:4      | Noticed a phantom
  3591 | D:4      | Reached XP level 6. HP: 21/36 MP: 4/7
  3771 | D:4      | Reached skill level 1 in Dodging
  3869 | D:4      | Reached XP level 7. HP: 12/40 MP: 2/8
  3977 | D:4      | Noticed Natasha
  3986 | D:4      | Killed Natasha
  4071 | D:4      | Found a basalt altar of Yredelemnul,
  4072 | D:4      | Found a stormy altar of Qazlal,
  4072 | D:4      | Found a bloodstained altar of Trog,
  4201 | D:4      | Noticed Natasha
  4210 | D:4      | Killed Natasha
  4259 | D:4      | Noticed Natasha
  4272 | D:4      | Killed Natasha
  4455 | D:5      | Entered Level 5 of the Dungeon
  4484 | D:5      | HP: 1/40 [ogre/+0 giant club (24)]
  4626 | D:5      | Identified Sif Muna's Compendium of Feathery Summoning
  4684 | D:4      | Reached skill level 1 in Unarmed Combat
  4732 | D:5      | Reached skill level 2 in Unarmed Combat
  4874 | D:5      | Reached skill level 3 in Unarmed Combat
  5009 | D:5      | Gained mutation: You have razor-sharp teeth. [Vine Stalker
                  | growth]
  5009 | D:5      | Reached XP level 8. HP: 33/44 MP: 7/9
  5283 | D:5      | Reached skill level 4 in Unarmed Combat
  5690 | D:5      | Reached skill level 5 in Unarmed Combat
  6143 | D:6      | Reached skill level 1 in Evocations
  6472 | D:6      | Reached skill level 6 in Unarmed Combat
  6913 | D:6      | Reached XP level 9. HP: 43/48 MP: 10/12
  7184 | D:6      | Noticed Sigmund
  7195 | D:6      | Killed Sigmund
  7195 | D:6      | Reached skill level 7 in Unarmed Combat
  7824 | D:7      | Noticed Duvessa
  7837 | D:7      | Killed Duvessa
  7917 | D:7      | Noticed Dowan
  7927 | D:7      | Killed Dowan
  7927 | D:7      | Reached skill level 5 in Evocations
  8000 | D:7      | Reached skill level 8 in Unarmed Combat
  8108 | D:7      | Found a shattered altar of Ashenzari,
  8204 | D:7      | Reached skill level 9 in Unarmed Combat
  8307 | D:7      | Found a staircase to the Ecumenical Temple,
  8320 | Temple   | Entered the Ecumenical Temple
  8535 | Temple   | Became a worshipper of Makhleb the Destroyer
  8869 | D:8      | Found a snail-covered altar of Cheibriados,
  8945 | D:8      | Noticed Maggie
  8979 | D:8      | Killed Maggie
  8979 | D:8      | Reached skill level 10 in Unarmed Combat
  8979 | D:8      | Reached XP level 10. HP: 30/53 MP: 8/14
  9022 | D:8      | Found a hazy altar of Hepliaklqana,
  9127 | D:8      | Noticed Maurice
  9266 | D:8      | Killed Maurice
  9310 | D:8      | Found a runed translucent door,
  9311 | D:8      | Noticed Anaz's ghost (novice DgAE)
  9311 | D:8      | Noticed a cyan ugly thing
  9505 | D:8      | Noticed Harold
  9528 | D:8      | Killed Harold
  9528 | D:8      | Reached skill level 11 in Unarmed Combat
  9718 | D:8      | Noticed Erica
  9875 | D:8      | Killed Erica
  9899 | D:8      | Reached * piety under Makhleb
 10137 | D:9      | Reached skill level 12 in Unarmed Combat
 10384 | D:9      | Found an ornate altar of the Wu Jian Council,
 10397 | D:9      | Reached XP level 11. HP: 39/58 MP: 13/15
 10665 | D:9      | Killed an unseen horror
 10688 | D:9      | Noticed a catoblepas
 10958 | D:8      | Reached ** piety under Makhleb
 11280 | D:9      | Noticed a deep elf mage
 11288 | D:9      | Killed a deep elf mage
 11330 | D:9      | Found a large runed translucent door,
 11332 | D:9      | Found a large runed translucent door,
 11371 | D:9      | Noticed an angel
 11372 | D:9      | Found a glowing silver altar of Zin,
 11689 | D:9      | Found a radiant altar of Vehumet,
 11746 | D:9      | Reached skill level 13 in Unarmed Combat
 11816 | D:9      | Killed a catoblepas
 11888 | D:9      | Noticed a centaur warrior
 11904 | D:9      | Noticed a four-headed hydra
 12037 | D:10     | Entered Level 10 of the Dungeon
 12060 | D:10     | Found a runed translucent gate,
 12063 | D:10     | Found a runed translucent gate,
 12063 | D:10     | Found a runed translucent gate,
 12063 | D:10     | Noticed Owkoczula's ghost (journeyman FoFi)
 12102 | D:10     | Killed an unseen horror
 12157 | D:10     | Noticed Fannar
 12194 | D:10     | Killed Fannar
 12194 | D:10     | Reached skill level 10 in Fighting
 12194 | D:10     | Gained mutation: You heal very quickly. [Vine Stalker
                  | growth]
 12194 | D:10     | Reached XP level 12. HP: 52/67 MP: 12/16
 12207 | D:10     | Found a staircase to the Lair,
 12222 | D:10     | Reached *** piety under Makhleb
 12268 | D:10     | Found a portal to a secret trove of treasure,
 12786 | D:10     | Noticed Joseph
 12805 | D:10     | Killed Joseph
 12990 | D:10     | Noticed Sonja
 13006 | D:10     | Killed Sonja
 13607 | D:11     | Noticed a seven-headed hydra
 13691 | D:11     | Noticed a two-headed ogre
 13692 | D:11     | Found a shadowy altar of Dithmenos,
 13695 | D:11     | Noticed a two-headed ogre
 13711 | D:10     | Killed a two-headed ogre
 13711 | D:10     | Reached skill level 14 in Unarmed Combat
 13816 | D:11     | Killed a two-headed ogre
 13953 | D:11     | Reached skill level 1 in Invocations
 14050 | D:11     | Noticed a centaur warrior
 14073 | D:11     | Killed a centaur warrior
 14139 | D:11     | Reached **** piety under Makhleb
 14573 | D:9      | Killed a four-headed hydra
 14576 | D:9      | Killed a centaur warrior
 14644 | D:9      | Found a radiant altar of Vehumet,
 14649 | D:9      | Found a shadowy altar of Dithmenos,
 14732 | Lair:1   | Entered Level 1 of the Lair of Beasts
 14897 | Lair:1   | Reached skill level 5 in Invocations
 14908 | Lair:1   | Reached skill level 15 in Unarmed Combat
 14908 | Lair:1   | Reached XP level 13. HP: 72/72 MP: 17/17
 15874 | Lair:2   | Found a runed translucent door,
 15875 | Lair:2   | Identified the cursed +2 spear of Parts Unknown {speed,
                  | rElec rF- MP+9 Stlth+}
 15876 | Lair:2   | Noticed DasRunzen's ghost (journeyman FoFi)
 16004 | Lair:2   | Found a staircase to the Swamp,
 16323 | Lair:2   | Paralysed by a floating eye for 2 turns
 16331 | Lair:2   | Paralysed by a floating eye for 4 turns
 16341 | Lair:2   | Paralysed by a floating eye for 4 turns
 16564 | Lair:3   | Reached ***** piety under Makhleb
 16793 | Lair:3   | Found a hole to the Spider Nest,
 17402 | Lair:3   | Got a pair of faintly humming gloves
 17408 | Lair:3   | Identified the cursed -5 pair of gloves of Ehedicy {Int+4
                  | Dex+2} (You found it on level 3 of the Lair of Beasts)
 18022 | Lair:4   | Reached skill level 10 in Invocations
 18166 | Lair:4   | Reached XP level 14. HP: 73/77 MP: 22/22
 19024 | Lair:5   | Found a runed translucent door,
 19026 | Lair:5   | Identified the +9 spear of War {elec, *Noise rElec Stlth+}
 19027 | Lair:5   | Noticed Shavain's ghost (journeyman TrFi)
 19376 | Lair:5   | Reached skill level 10 in Evocations
 19857 | Lair:6   | Entered Level 6 of the Lair of Beasts
 20049 | Lair:6   | Found a staircase to the Slime Pits,
 20055 | Lair:6   | Reached skill level 5 in Shields
 20202 | Lair:6   | Reached ****** piety under Makhleb
 20858 | Lair:6   | Reached XP level 15. HP: 73/83 MP: 19/23
 21691 | D:12     | Found a staircase to the Orcish Mines,
 22212 | D:13     | Found a gate to the Vaults,
 22212 | D:13     | Noticed Urug
 22212 | D:13     | Noticed Rupert
 22434 | D:13     | Found a gate leading to a gauntlet,
 22476 | D:13     | Killed Rupert
 22532 | D:13     | Noticed Jorgrun
 22542 | D:13     | Slain by Jorgrun

Levels and vault maps discovered:
D:1:      minmay_arrival_hallway, layout_basic, minivault_24,
          minmay_misc_feat_room
D:2:      layout_loops_corners, feat_on_display
D:3:      layout_rooms, led_sif_pool, elyvilon_altar_1
D:4:      layout_gridville, chequers_temple_overflow_statue_of_worship,
          uniq_natasha
D:5:      layout_loops_cross, first_ration
D:6:      corexii_shantytown, layout_cave_pools, uniq_sigmund
D:7:      layout_rooms, nicolae_overflow_crystal_walls,
          minmay_temple_entry_statues_pillars, uniq_duvessa
D:8:      layout_basic, cheibriados_altar_1, lemuel_crystal_altar,
          ebering_ghost_inner_flame, uniq_maggie, uniq_maurice, uniq_harold,
          uniq_erica
D:9:      argonaut_augean_stables, layout_rooms, zin_angel, kennysheep_mini,
          vehumet_statue, hangedman_pestilent_swarm, jmf_multi_god_temple2
D:10:     layout_basic, dpeg_oklobed_lair, nicolae_trove_entry_free_sample,
          gammafunk_ghost_necromancy, uniq_fannar, uniq_joseph, uniq_sonja
D:11:     layout_irregular_city, nicolae_dithmenos_through_a_glass_darkly
D:12:     minmay_blocky_corners, layout_cave_pools, david_orc_3
D:13:     layout_loops_ring, david_vaults_3, gauntlet_entry_generic,
          gammafunk_ghost_crypt, minmay_misc_feat_roman, minmay_microvault,
          uniq_jorgrun
Temple:   minmay_temple_curvy_loop
Lair:1:   layout_regular_city
Lair:2:   layout_cave_pods, minmay_swamp_entry_wisps,
          ebering_ghost_funeral_grove, nicolae_quartered_pool_little,
          st_stairs_5, disabler_island
Lair:3:   layout_regular_city, nicolae_spider_entry_tight_spaces,
          minmay_lair_oklob_chamber, serial_bayou_shore_b, lemuel_fruit_fields
Lair:4:   layout_regular_city, grunt_megastairs_2
Lair:5:   layout_regular_city, ebering_ghost_funeral_grove
Lair:6:   hangedman_lair_tendril_chambers, layout_hall_layers, slime_dummy

Skill      XL: |  1  2  3  4  5  6  7  8  9 10 11 12 13 14 15 |
---------------+----------------------------------------------+-----
Fighting       | 4 5 6 7 10 11 12 | 12.5
Stealth        | 2 3 4 |  4.0
Dodging        | 2 4 |  4.1
Unarmed Combat | 3 6 10 12 13 15 | 15.0
Evocations     | 3 5 7 10 | 10.0
Shields        | 3 4 7 9 |  9.1
Invocations    | 5 10 | 10.0
Short Blades   | |  1.0
Bows           | |  1.0
Armour         | |  1.0

Action                   |  1- 3 |  4- 6 |  7- 9 | 10-12 | 13-15 || total
-------------------------+-------+-------+-------+-------+-------++-------
Melee: Dagger            |   106 |   206 |   536 |    21 |       ||   869
       Bite              |    22 |    61 |   188 |   220 |   430 ||   921
       Punch             |       |       |    21 |    36 |       ||    57
       Unarmed           |       |       |    29 |   669 |  1336 ||  2034
Throw: Dart              |     8 |    31 |     5 |     3 |       ||    47
       Stone             |       |       |       |     1 |     5 ||     6
Evoke: Wand              |       |       |    10 |    20 |    19 ||    49
  Use: Scroll            |       |     6 |     4 |    14 |    10 ||    34
 Stab: Sleeping          |       |     5 |     3 |     5 |     7 ||    20
       Paralysed         |       |       |     5 |    13 |     4 ||    22
       Distracted        |       |       |       |       |     1 ||     1
  Eat: Chunk             |     2 |     8 |    16 |    20 |    19 ||    65
       Ration            |       |       |       |       |     2 ||     2
Armor: Ring mail         |    28 |    73 |    32 |       |       ||   133
       Scale mail        |       |       |    98 |       |       ||    98
       Swamp dragon scal |       |       |       |   118 |   206 ||   324
Dodge: Dodged            |    54 |   105 |   343 |   525 |   917 ||  1944
Block: Buckler           |       |       |       |    44 |   397 ||   441

Table legend:
 A = Non-vault XP
 B = Vault XP
 C = Vault XP percentage of total XP
 D = Non-vault monster count
 E = Vault monster count
 F = Vault count percentage of total count
                 A         B        C        D         E       F
            +---------+---------+-------+---------+---------+-------
      Total |   71721 |   38904 |  35.2 |     493 |     149 |  23.2
            +---------+---------+-------+---------+---------+-------
        D:1 |      43 |       0 |   0.0 |      26 |       0 |   0.0
        D:2 |     138 |       0 |   0.0 |      35 |       0 |   0.0
        D:3 |     105 |       0 |   0.0 |      19 |       0 |   0.0
        D:4 |     509 |      36 |   6.6 |      18 |       1 |   5.3
        D:5 |    1007 |      15 |   1.5 |      28 |       1 |   3.4
        D:6 |    1125 |     365 |  24.5 |      28 |      39 |  58.2
        D:7 |     912 |     226 |  19.9 |      21 |       2 |   8.7
        D:8 |    1961 |    2812 |  58.9 |      29 |       4 |  12.1
        D:9 |    1769 |    8007 |  81.9 |      34 |      24 |  41.4
       D:10 |    4168 |    2232 |  34.9 |      38 |       3 |   7.3
       D:11 |    5178 |     322 |   5.9 |      24 |       1 |   4.0
       D:12 |    2352 |    2506 |  51.6 |      15 |       6 |  28.6
       D:13 |    3914 |    7245 |  64.9 |      12 |      15 |  55.6
     Lair:1 |    4646 |       0 |   0.0 |      22 |       0 |   0.0
     Lair:2 |    2939 |    1295 |  30.6 |      13 |       7 |  35.0
     Lair:3 |    9243 |    1862 |  16.8 |      28 |       6 |  17.6
     Lair:4 |    7405 |    1039 |  12.3 |      27 |       2 |   6.9
     Lair:5 |    9524 |       0 |   0.0 |      33 |       0 |   0.0
     Lair:6 |   14783 |   10942 |  42.5 |      43 |      38 |  46.9
            +---------+---------+-------+---------+---------+-------
